[ AOE2 MATCH · #504932592 ]
UnrankedSpanish vs Koreans
Player's team · WIN
Rival team · LOSS
[ REPLAY ANALYSIS · EXTRACTED FROM THE RECORDED GAME ]
Feudal
8:50
Castle
19:10
Imperial
33:03
| APM avg | 47.4 |
| APM peak | 95 |
| eAPM avg | 26.3 |
| Villagers / military | 171 / 489 |
Focus
⚔️ 53.6% · 🌾 46.4%
Skirmisher ×161 · Scout Cavalry ×161 · Knight ×89 · Hand Cannoneer ×37 · Trebuchet (Packed) ×11 · Bombard Cannon ×9
Feudal
11:02
Castle
21:07
Imperial
35:51
| APM avg | 50.6 |
| APM peak | 125 |
| eAPM avg | 33.4 |
| Villagers / military | 283 / 479 |
Focus
⚔️ 43.2% · 🌾 56.8%
Spearman ×289 · Archer ×80 · Fire Lancer ×56 · Skirmisher ×31 · Bombard Cannon ×6 · Iron Pagoda ×5
Match map
Initial resources + every placement click. Lines = walls · curves = elevation contours. ◆ gold · ⬟ stone · ● berries · ✦ relic · ◌ wall gap
Your base· Open — 9t gap
SneakySalmon's base· Open — 7t gap
Smoothed initial terrain · ◌ = detected wall gap · hover for details
Inputs per minute
— o35.PuLsE - - SneakySalmon
Build order — o35.PuLsE
First 150 of 676 actions detected
| 0:00 | Queue | Villager (Male) |
| 0:00 | Queue | Villager (Male) |
| 0:01 | Build | House |
| 0:02 | Build | House |
| 0:10 | Queue | Villager (Male) |
| 0:11 | Queue | Villager (Male) |
| 0:11 | Queue | Villager (Male) |
| 1:22 | Queue | Villager (Male) |
| 1:22 | Queue | Villager (Male) |
| 1:46 | Build | Lumber Camp |
| 1:56 | Queue | Villager (Male) |
| 2:12 | Queue | Villager (Male) |
| 2:41 | Queue | Villager (Male) |
| 3:05 | Queue | Villager (Male) |
| 3:05 | Queue | Villager (Male) |
| 3:37 | Queue | Villager (Male) |
| 3:49 | Build | House |
| 4:01 | Queue | Villager (Male) |
| 4:28 | Queue | Villager (Male) |
| 4:49 | Build | Barracks |
| 4:50 | Queue | Villager (Male) |
| 4:50 | Queue | Villager (Male) |
| 4:52 | Queue | Villager (Male) |
| 4:52 | Queue | Villager (Male) |
| 5:20 | Build | House |
| 5:27 | Queue | Villager (Male) |
| 5:40 | Build | House |
| 6:02 | Research | Loom |
| 6:40 | Research | Feudal Age |
| 6:58 | Queue | Militia |
| 7:09 | Build | Mill |
| 7:14 | Queue | Militia |
| 7:50 | Queue | Militia |
| 8:00 | Build | Mining Camp |
| 8:00 | Queue | Villager (Male) |
| 8:50 | Age | Feudal Age |
| 8:56 | Research | Man-at-Arms (upgrade) |
| 8:56 | Queue | Villager (Male) |
| 8:59 | Build | Archery Range |
| 9:25 | Build | Farm |
| 9:25 | Queue | Villager (Male) |
| 9:31 | Build | House |
| 9:32 | Build | House |
| 10:01 | Queue | Villager (Male) |
| 10:03 | Build | Farm |
| 10:10 | Queue | Archer |
| 10:20 | Build | House |
| 10:25 | Queue | Archer |
| 10:26 | Queue | Villager (Male) |
| 10:28 | Build | Farm |
| 10:46 | Build | Farm |
| 10:51 | Queue | Villager (Male) |
| 11:00 | Build | House |
| 11:03 | Build | Palisade Wall |
| 11:11 | Build | Farm |
| 11:15 | Queue | Archer |
| 11:24 | Queue | Villager (Male) |
| 11:24 | Queue | Villager (Male) |
| 11:28 | Build | Farm |
| 11:44 | Build | Farm |
| 11:47 | Build | Farm |
| 11:51 | Queue | Villager (Male) |
| 12:11 | Queue | Villager (Male) |
| 12:12 | Queue | Villager (Male) |
| 12:29 | Queue | Villager (Male) |
| 12:31 | Build | Mill |
| 12:52 | Build | Farm |
| 12:52 | Queue | Villager (Male) |
| 13:22 | Queue | Villager (Male) |
| 13:25 | Research | Double-Bit Axe |
| 13:30 | Build | House |
| 13:30 | Build | House |
| 13:36 | Build | House |
| 13:37 | Build | House |
| 13:41 | Build | Palisade Wall |
| 13:44 | Build | Palisade Wall |
| 13:49 | Build | House |
| 13:57 | Queue | Villager (Male) |
| 13:57 | Queue | Villager (Male) |
| 14:01 | Build | Farm |
| 14:04 | Build | House |
| 14:24 | Queue | Villager (Male) |
| 14:26 | Build | Farm |
| 15:07 | Queue | Villager (Male) |
| 15:10 | Build | Blacksmith |
| 15:36 | Queue | Villager (Male) |
| 15:47 | Build | House |
| 15:49 | Build | Palisade Wall |
| 16:00 | Queue | Villager (Male) |
| 16:06 | Build | Palisade Wall |
| 16:30 | Research | Castle Age |
| 16:39 | Build | Palisade Wall |
| 17:08 | Build | Palisade Wall |
| 17:34 | Research | Horse Collar |
| 17:35 | Research | Horse Collar |
| 18:02 | Build | Farm |
| 18:03 | Build | Farm |
| 18:04 | Build | Farm |
| 18:13 | Build | Farm |
| 18:33 | Build | Farm |
| 18:57 | Build | Farm |
| 19:10 | Age | Castle Age |
| 19:13 | Queue | Villager (Male) ×5 |
| 19:15 | Build | Town Center |
| 19:21 | Queue | Villager (Male) |
| 19:32 | Build | Monastery |
| 19:42 | Queue | Villager (Male) |
| 19:50 | Research | Bow Saw |
| 19:59 | Queue | Villager (Male) |
| 20:09 | Build | Palisade Wall |
| 20:15 | Queue | Villager (Male) |
| 20:15 | Queue | Villager (Male) |
| 20:15 | Queue | Villager (Male) |
| 20:19 | Queue | Monk |
| 20:19 | Queue | Monk |
| 20:31 | Queue | Villager (Male) |
| 20:32 | Queue | Villager (Male) |
| 20:42 | Research | Wheelbarrow |
| 20:52 | Queue | Villager (Male) |
| 20:57 | Build | Town Center |
| 21:10 | Build | Farm |
| 21:11 | Build | Farm |
| 21:20 | Queue | Villager (Male) |
| 21:25 | Build | House |
| 21:34 | Research | Heavy Plow |
| 21:36 | Queue | Villager (Male) |
| 21:37 | Queue | Villager (Male) |
| 21:41 | Build | Farm |
| 21:43 | Build | Farm |
| 22:04 | Build | Siege Workshop |
| 22:05 | Queue | Villager (Male) |
| 22:05 | Queue | Villager (Male) |
| 22:16 | Queue | Villager (Male) |
| 22:23 | Build | House |
| 22:34 | Queue | Mangonel |
| 22:34 | Queue | Mangonel |
| 22:40 | Queue | Villager (Male) |
| 22:40 | Queue | Villager (Male) |
| 22:42 | Queue | Mangonel |
| 22:58 | Build | House |
| 23:00 | Build | House |
| 23:01 | Queue | Villager (Male) |
| 23:01 | Queue | Villager (Male) |
| 23:01 | Queue | Villager (Male) |
| 23:04 | Queue | Mangonel |
| 23:06 | Build | Farm |
| 23:08 | Queue | Villager (Male) |
| 23:08 | Queue | Villager (Male) |
| 23:08 | Queue | Villager (Male) |
| 23:24 | Queue | Villager (Male) |
Build order — SneakySalmon
First 150 of 1074 actions detected
| 0:00 | Queue | Villager (Male) |
| 0:00 | Queue | Villager (Male) |
| 0:01 | Queue | Villager (Male) |
| 0:01 | Queue | Villager (Male) |
| 0:02 | Build | House |
| 0:04 | Build | House |
| 1:26 | Queue | Villager (Male) |
| 1:57 | Queue | Villager (Male) |
| 2:20 | Build | Lumber Camp |
| 2:21 | Queue | Villager (Male) |
| 2:48 | Queue | Villager (Male) |
| 3:04 | Queue | Villager (Male) |
| 3:04 | Queue | Villager (Male) |
| 3:39 | Queue | Villager (Male) |
| 3:50 | Build | House |
| 4:06 | Queue | Villager (Male) |
| 4:09 | Build | Palisade Wall |
| 4:10 | Build | Palisade Wall |
| 4:22 | Queue | Villager (Male) |
| 4:53 | Queue | Villager (Male) |
| 4:56 | Build | Barracks |
| 5:21 | Queue | Villager (Male) |
| 5:39 | Build | House |
| 5:49 | Queue | Villager (Male) |
| 5:54 | Queue | Militia |
| 5:55 | Queue | Militia |
| 6:18 | Build | House |
| 6:27 | Queue | Villager (Male) |
| 6:27 | Queue | Villager (Male) |
| 6:32 | Queue | Militia |
| 6:38 | Build | House |
| 6:41 | Build | Mill |
| 7:13 | Queue | Villager (Male) |
| 7:46 | Research | Loom |
| 7:56 | Build | Mill |
| 8:21 | Queue | Villager (Male) |
| 8:52 | Research | Feudal Age |
| 9:16 | Build | Lumber Camp |
| 9:39 | Build | Palisade Wall |
| 10:05 | Queue | Villager (Male) |
| 11:02 | Age | Feudal Age |
| 11:07 | Build | Archery Range |
| 11:08 | Queue | Spearman |
| 11:13 | Research | Double-Bit Axe |
| 11:14 | Queue | Villager (Male) |
| 11:21 | Research | Horse Collar |
| 11:29 | Build | House |
| 11:34 | Build | House |
| 11:38 | Build | Palisade Wall |
| 11:49 | Build | Palisade Wall |
| 11:51 | Build | House |
| 11:52 | Queue | Skirmisher |
| 11:52 | Queue | Skirmisher |
| 11:54 | Queue | Villager (Male) |
| 11:55 | Queue | Villager (Male) |
| 12:05 | Queue | Skirmisher |
| 12:14 | Queue | Villager (Male) |
| 12:26 | Build | Farm |
| 12:28 | Build | Farm |
| 12:39 | Queue | Skirmisher |
| 12:46 | Queue | Villager (Male) |
| 12:54 | Build | Palisade Wall |
| 12:58 | Build | Farm |
| 13:08 | Build | Farm |
| 13:24 | Queue | Villager (Male) |
| 13:26 | Build | Farm |
| 13:37 | Build | Farm |
| 13:39 | Build | Farm |
| 13:40 | Queue | Skirmisher |
| 13:43 | Build | House |
| 13:55 | Build | Farm |
| 14:01 | Queue | Villager (Male) |
| 14:15 | Build | House |
| 14:24 | Queue | Villager (Male) |
| 14:39 | Queue | Villager (Male) |
| 14:44 | Build | Mining Camp |
| 14:46 | Build | Farm |
| 14:47 | Build | Farm |
| 15:10 | Queue | Villager (Male) |
| 15:28 | Build | Farm |
| 15:33 | Build | Farm |
| 15:33 | Queue | Archer |
| 15:38 | Build | House |
| 15:42 | Research | Wheelbarrow |
| 16:16 | Queue | Archer |
| 16:23 | Build | House |
| 16:24 | Build | Palisade Wall |
| 16:36 | Build | Palisade Wall |
| 16:43 | Queue | Archer |
| 16:44 | Queue | Villager (Male) |
| 17:01 | Build | Farm |
| 17:05 | Build | Archery Range |
| 17:27 | Build | House |
| 17:38 | Queue | Archer |
| 17:55 | Build | Blacksmith |
| 18:02 | Queue | Villager (Male) |
| 18:18 | Queue | Archer |
| 18:19 | Queue | Archer |
| 18:25 | Research | Castle Age |
| 18:34 | Build | House |
| 18:35 | Build | House |
| 18:40 | Queue | Archer |
| 18:41 | Queue | Archer |
| 18:53 | Build | Farm |
| 18:55 | Queue | Archer |
| 19:15 | Research | Fletching |
| 19:18 | Queue | Archer |
| 19:18 | Queue | Archer |
| 19:20 | Queue | Villager (Male) |
| 19:41 | Build | Palisade Wall |
| 19:44 | Build | House |
| 19:47 | Build | Palisade Wall |
| 19:48 | Build | Palisade Wall |
| 19:50 | Queue | Archer |
| 19:52 | Queue | Archer |
| 19:56 | Build | Palisade Wall |
| 20:04 | Build | Palisade Wall |
| 20:15 | Research | Gold Mining |
| 20:28 | Queue | Archer |
| 20:28 | Queue | Archer |
| 21:07 | Age | Castle Age |
| 21:10 | Research | Crossbowman (upgrade) |
| 21:17 | Research | Bodkin Arrow |
| 21:17 | Research | Bow Saw |
| 21:29 | Build | Town Center |
| 21:34 | Queue | Villager (Male) |
| 21:52 | Queue | Villager (Male) |
| 22:14 | Queue | Archer |
| 22:14 | Queue | Archer |
| 22:14 | Queue | Archer |
| 22:31 | Queue | Villager (Male) |
| 22:31 | Queue | Villager (Male) |
| 22:45 | Queue | Villager (Male) |
| 22:46 | Queue | Villager (Male) |
| 22:46 | Queue | Villager (Male) |
| 22:58 | Queue | Villager (Male) |
| 22:58 | Queue | Villager (Male) |
| 23:12 | Queue | Villager (Male) |
| 23:13 | Queue | Villager (Male) |
| 23:13 | Queue | Villager (Male) |
| 23:14 | Queue | Archer |
| 23:15 | Queue | Archer |
| 23:20 | Queue | Villager (Male) |
| 23:22 | Build | Town Center |
| 23:38 | Build | Farm |
| 23:39 | Build | Farm |
| 23:48 | Queue | Villager (Male) |
| 23:48 | Queue | Villager (Male) |
| 24:09 | Queue | Villager (Male) |
| 24:09 | Queue | Villager (Male) |
Match timeline
| 4:09 | SneakySalmon · wall_segment Palisade Wall x1 |
| 4:10 | SneakySalmon · wall_segment Palisade Wall x1 |
| 4:49 | o35.PuLsE · first_building Barracks |
| 4:56 | SneakySalmon · first_building Barracks |
| 8:50 | o35.PuLsE · age_up feudal |
| 8:59 | o35.PuLsE · first_building Archery Range |
| 9:39 | SneakySalmon · wall_segment Palisade Wall x6 |
| 11:02 | SneakySalmon · age_up feudal |
| 11:03 | o35.PuLsE · wall_segment Palisade Wall x2 |
| 11:07 | SneakySalmon · first_building Archery Range |
| 11:38 | SneakySalmon · wall_segment Palisade Wall x6 |
| 11:49 | SneakySalmon · wall_segment Palisade Wall x1 |
| 12:54 | SneakySalmon · wall_segment Palisade Wall x3 |
| 13:41 | o35.PuLsE · wall_segment Palisade Wall x4 |
| 13:44 | o35.PuLsE · wall_segment Palisade Wall x4 |
| 15:49 | o35.PuLsE · wall_segment Palisade Wall x4 |
| 16:06 | o35.PuLsE · wall_segment Palisade Wall x5 |
| 16:24 | SneakySalmon · wall_segment Palisade Wall x2 |
| 16:36 | SneakySalmon · wall_segment Palisade Wall x1 |
| 16:39 | o35.PuLsE · wall_segment Palisade Wall x5 |
| 17:08 | o35.PuLsE · wall_segment Palisade Wall x11 |
| 19:10 | o35.PuLsE · age_up castle |
| 19:32 | o35.PuLsE · first_building Monastery |
| 19:41 | SneakySalmon · wall_segment Palisade Wall x1 |
| 19:47 | SneakySalmon · wall_segment Palisade Wall x1 |
| 19:48 | SneakySalmon · wall_segment Palisade Wall x1 |
| 19:56 | SneakySalmon · wall_segment Palisade Wall x1 |
| 20:04 | SneakySalmon · wall_segment Palisade Wall x1 |
| 20:09 | o35.PuLsE · wall_segment Palisade Wall x3 |
| 21:07 | SneakySalmon · age_up castle |
| 22:04 | o35.PuLsE · first_building Siege Workshop |
| 24:06 | o35.PuLsE · wall_segment Palisade Wall x1 |
| 24:21 | SneakySalmon · first_building Siege Workshop |
| 24:53 | SneakySalmon · first_building Monastery |
| 30:50 | o35.PuLsE · first_building Castle |
| 31:53 | o35.PuLsE · first_building Stable |
| 32:20 | SneakySalmon · first_building Castle |
| 32:38 | SneakySalmon · first_market_buy 100 food |
| 33:03 | o35.PuLsE · age_up imperial |
| 35:09 | o35.PuLsE · first_market_sell 500 wood |
| 35:28 | SneakySalmon · wall_segment Stone Wall x1 |
| 35:33 | SneakySalmon · wall_segment Stone Wall x1 |
| 35:51 | SneakySalmon · age_up imperial |
| 41:18 | SneakySalmon · wall_segment Stone Wall x1 |
| 45:02 | SneakySalmon · wall_segment Stone Wall x4 |
| 48:11 | o35.PuLsE · first_market_buy 500 stone |
| 54:24 | SneakySalmon · first_market_sell 500 food |
| 62:16 | SneakySalmon · resign |
[ AI ANALYSIS · 1 CREDIT ]
What really happened in this match?
Wolo.gg analyzes every decision: build order, eco, micro, common mistakes by bracket. Personalized analysis on WhatsApp or Discord in 30 seconds.
Civ guide
Spanish
Perfil
Jugador #499661